 Dungeon Crawl Stone Soup version 0.29-a0-418-gc0181ea820 (console) character file.

Game seed: 1263191384818955845

102 om the Stinger (level 4, -2/30 HPs)
             Began as a Merfolk Venom Mage on May 17, 2022.
             Slain by a gnoll
             ... wielding a +0 whip
             ... led by a gnoll shaman
              (8 damage)
             ... on level 2 of the Dungeon.
             The game lasted 00:04:59 (2636 turns).

om the Stinger (Merfolk Venom Mage)                 Turns: 2636, Time: 00:05:00

Health: -2/30      AC:  2    Str: 10    XL:     4   Next: 77%
Magic:  1/6        EV: 13    Int: 14    God:
Gold:   63         SH:  0    Dex: 14    Spells: 5/8 levels left

rFire   . . .      SeeInvis .   j - +0 spear
rCold   . . .      Faith    .   (no shield)
rNeg    + . .      Spirit   .   a - +1 robe
rPois   .          Reflect  .   (no helmet)
rElec   .          Harm     .   (no cloak)
rCorr   .          Rampage  .   (no gloves)
Will    .....                   (no boots)
Stlth   +.........              (no amulet)
HPRegen 0.10/turn               i - ring of positive energy
MPRegen 0.10/turn               (no ring)

@: lit by a corona, hasted, glowing, very quick
A: (nimble swimmer 2), mertail, deformed body, low MP 1, wild magic 1
a: no special abilities


You were on level 2 of the Dungeon.
You visited 1 branch of the dungeon, and saw 3 of its levels.

You collected 111 gold pieces.
You spent 48 gold pieces at shops.

Inventory:

Hand Weapons
 j - a +0 spear (weapon)
Armour
 a - a +1 robe (worn)
Jewellery
 i - a ring of positive energy (left hand)
Scrolls
 g - a scroll of vulnerability
Potions
 b - a potion of magic
 c - a potion of might
 d - a potion of degeneration {unknown}
 f - 3 potions of brilliance {unknown}
 l - a potion of lignification {unknown}


   Skills:
 * Level 2.1 Polearms
 + Level 3.3 Dodging
 + Level 2.7 Stealth
 + Level 2.5 Spellcasting
 + Level 2.5 Transmutations
 + Level 4.2 Poison Magic


You had 5 spell levels left.
You knew the following spells:

 Your Spells              Type           Power      Damage    Failure   Level
a - Sting                 Tmut/Pois      56%        1d5       9%          1
b - Poisonous Vapours     Pois/Air       18%        N/A       21%         2

Your spell library contained the following spells:

 Spells                   Type           Power      Damage    Failure   Level
 Mephitic Cloud           Conj/Pois/Air  7%         N/A       45%         3
 Olgreb's Toxic Radiance  Pois           17%        N/A       45%         4
 Summon Ice Beast         Ice/Summ       2%         N/A       95%         4
 Summon Mana Viper        Hex/Summ       2%         N/A       100%        5
 Monstrous Menagerie      Summ           1%         N/A       100%        7


Dungeon Overview and Level Annotations

Branches:
Dungeon (3/15)

Altars:

Shops:
D:2 ?


Innate Abilities, Weirdness & Mutations

((You are very nimble when in or above water. (Stealth+, EV+, Speed+++)))
Your lower body shifts to a powerful aquatic tail in water.
Armour fits poorly on your strangely shaped body.
Your magical capacity is low. (-10% MP)
Your spells are a little harder to cast, but a little more powerful.


Message History

Aiming: Sting (safe; 10% risk of failure)
Press: ? - help, Q - select action, (/) - cycle Shift-Dir - straight line, f/p - gnoll shaman
Aim: a gnoll shaman, wielding a +0 whip and wearing a +0 robe (moderately wounded, poisoned, 75% to hit)
The sting hits the gnoll shaman.
The gnoll shaman looks even sicker.
The gnoll shaman is moderately wounded.
You don't have enough magic to cast this spell.
You don't have enough magic to cast this spell.
Unknown command.
You hit the gnoll shaman.
The gnoll shaman is heavily wounded.
The gnoll shaman barely misses you.
You hit the gnoll shaman.
The gnoll shaman is heavily wounded.
The gnoll shaman mumbles some strange prayers to its god against you.
You resist with some effort.
The gnoll shaman calls down the wrath of its god upon you.
You are outlined in light.
You closely miss the gnoll shaman.
The gnoll shaman is heavily wounded.
The gnoll shaman closely misses you.
You hit the gnoll shaman.
You kill the gnoll shaman!
The gnoll misses you.
Your Polearms skill increases to level 2!
Reach: j) +0 spear
Press: ? - help, Dir - move target, f - gnoll
Aim: a gnoll, wielding a +0 whip (fast, about 35% to evade your +0 spear)
Okay, then.
The gnoll attacks as you move away! The gnoll hits you with a +0 whip. x2
There is a stone staircase leading up here.
You climb upwards.
There is a stone staircase leading down here.
The gnoll attacks as you move away! The gnoll hits you with a +0 whip. x2
The gnoll attacks as you move away! The gnoll hits you but does no damage.
The gnoll attacks as you move away! The gnoll hits you with a +0 whip.
* * * LOW HITPOINT WARNING * * *
The gnoll hits you with a +0 whip.
* * * LOW HITPOINT WARNING * * *
You feel yourself speed up. The gnoll hits you with a +0 whip!
You die...

.#### #####..#..##.# #.#.#
#..##
.###########..#..##.###.#.#
#..†.
.#.........)............#.#
#....
.#.#########..#..##.......#
##... .#.#
#..#..##.###.######.∩. .#.#
#...................#. .#.#
##.##.##.###.######.#. .#.#
#>##.##.# #.# #.#. ##)#
#..g@...###.# #.#. ##.#
####........# #.#. ##.#
########## #.#. ...# #.#.
#### ###########.#. #
#...........## #
#.########### #
#.############ #
#.#...........


You could see a gnoll (fast).

Vanquished Creatures
  A gnoll shaman (D:3)
  3 adders
  A worm (D:3)
  2 orcs (D:3)
  6 ball pythons
  4 bats
  5 endoplasms
  A giant cockroach (D:2)
  3 goblins (D:1)
  4 hobgoblins
  5 kobolds
  A quokka (D:2)
  5 frilled lizards
  A rat (D:3)
42 creatures vanquished.

Notes
Turn   | Place    | Note
-------+----------+-------------------------------------------
     0 | D:1      | om the Merfolk Venom Mage began the quest for the Orb.
     0 | D:1      | Reached XP level 1. HP: 13/13 MP: 3/3
   110 | D:1      | Found a faded altar of an unknown god.
   267 | D:1      | Reached XP level 2. HP: 11/19 MP: 1/5
  1137 | D:2      | Learned a level 2 spell: Poisonous Vapours
  1149 | D:2      | Found Naskoj's Magic Scroll Emporium.
  1175 | D:2      | Reached XP level 3. HP: 16/24 MP: 3/6
  1176 | D:2      | Bought a scroll of identify for 24 gold pieces
  1176 | D:2      | Bought a scroll of identify for 24 gold pieces
  1178 | D:2      | Gained mutation: Armour fits poorly on your strangely
                  | shaped body. [potion of mutation]
  1178 | D:2      | Gained mutation: Your magical capacity is low. (-10% MP)
                  | [potion of mutation]
  1178 | D:2      | Gained mutation: Your spells are a little harder to cast,
                  | but a little more powerful. [potion of mutation]
  1591 | D:2      | Reached skill level 4 in Poison Magic
  1645 | D:2      | Reached skill level 1 in Polearms
  2241 | D:3      | Reached XP level 4. HP: 30/30 MP: 6/6
  2636 | D:2      | Slain by a gnoll

Illustrated notes

Levels and vault maps discovered:
D:1:      zelgadis_glass_arrival_small, layout_rooms,
          shapermc_ecumenical_altar_flowoftime, minmay_tree_intersection
D:2:      layout_loops_ring, serial_shops, shop
D:3:      layout_basic

Skill      XL: |  1  2  3  4 |
---------------+-------------+-----
Dodging        | 3 |  3.3
Transmutations | 2 |  2.5
Poison Magic   | 4 |  4.2
Polearms       | 1 2 |  2.1
Stealth        | |  2.7
Spellcasting   | |  2.5

Action                   |  1- 3 |  4- 6 || total
-------------------------+-------+-------++-------
Melee: Unarmed           |     3 |       ||     3
       Dagger            |     7 |       ||     7
       Spear             |    96 |    20 ||   116
 Cast: Sting             |    16 |     7 ||    23
       Poisonous Vapours |       |     3 ||     3
  Use: Scroll            |     9 |       ||     9
       Potion            |     1 |     1 ||     2
 Stab: Sleeping          |    10 |       ||    10
Armor: Robe              |    21 |     4 ||    25
Dodge: Dodged            |    71 |    11 ||    82

Table legend: (Time is in decaauts)
 A = Elapsed time spent in this place.
 B = Non-inter-level travel time spent in this place.
 C = Inter-level travel time spent in this place.
 D = Time resting spent in this place.
 E = Time spent auto-exploring this place.
 F = Levels seen in this place.
 G = Mean time per level.
                   A        B        C        D        E       F      G
               +--------+--------+--------+--------+--------+-----+--------+
         Total |   2643 |   2561 |     82 |    994 |   1121 |   3 |  881.0 |
       Dungeon |   2643 |   2561 |     82 |    994 |   1121 |   3 |  881.0 |
               +--------+--------+--------+--------+--------+-----+--------+

Top non-repeatable levels by time:
     D:2: 1100 daAuts
     D:1: 926 daAuts
     D:3: 617 daAuts
